 Dungeon Crawl Stone Soup version 0.17-a0-2093-gc772f4b (webtiles) character file.

109 Adventurer the Digger (level 4, -4/33 HPs)
             Began as a Draconian Earth Elementalist on Oct 17, 2015.
             Killed from afar by a white imp (6 damage)
             ... with a puff of frost
             ... summoned by Natasha
             ... on level 2 of the Dungeon.
             The game lasted 00:27:25 (3226 turns).

Adventurer the Digger (DrEE)                        Turns: 3226, Time: 00:27:25

Health: -4/33      AC:  5    Str: 11    XL:     4   Next: 59%
Magic:  8/8        EV: 13    Int: 16    God:
Gold:   84         SH:  0    Dex: 11    Spells: 3 memorised, 3 levels left

rFire  . . .     SeeInvis .     n - +1 falchion (holy)
rCold  . . .     Clarity  .     (armour unavailable)
rNeg   . . .     SustAt   .     (no shield)
rPois  .         Gourm    .     (helmet restricted)
rElec  .         Spirit   .     (no cloak)
rCorr  .         Warding  .     (no gloves)
rMut   .         Stasis   .     (no boots)
MR     .....                    (no amulet)
Stlth  +.........               (no ring)
                                (no ring)

@: confused, slowed, very slow, not resistant to hostile enchantments, very
unstealthy
A: unfitting armour, cold-blooded, AC +5
a: no special abilities


You were on level 2 of the Dungeon.
You were not hungry.

You visited 1 branch of the dungeon, and saw 2 of its levels.

You collected 84 gold pieces.

Inventory:

Hand Weapons
 j - a +0 dagger
 n - a +1 falchion of holy wrath (weapon)
Missiles
 a - 64 stones (quivered)
 e - 9 bolts of flame
 f - 16 poisoned needles
Scrolls
 l - a scroll of fear
Potions
 g - a potion of degeneration {unknown}
 h - a potion of flight {unknown}
 i - 2 potions of curing
 m - 2 potions of cancellation
 o - a potion of mutation {unknown}
Books
 b - a book of Geomancy

   Spells                             Type                      Level
   a - Sandblast                      Earth                        1
   b - Stoneskin                      Transmutation/Earth          2
   c - Passwall                       Transmutation/Earth          3
   d - Stone Arrow                    Conjuration/Earth            3
   e - Petrify                        Transmutation/Earth          4
   f - Lee's Rapid Deconstruction     Earth                        5
Comestibles
 c - a bread ration
 d - 5 chunks of flesh


   Skills:
 - Level 0.2 Fighting
 - Level 0.2(0.5) Short Blades
 + Level 0.8 Long Blades
 + Level 3.1 Dodging
 + Level 1.8 Stealth
 * Level 3.0 Spellcasting
 + Level 1.1 Transmutations
 + Level 3.4 Earth Magic


You had 3 spell levels left.
You knew the following spells:

 Your Spells              Type           Power        Failure   Level  Hunger
a - Sandblast             Erth           ##....       6%          1    #......
b - Stoneskin             Trmt/Erth      #.......     12%         2    ##.....
c - Passwall              Trmt/Erth      #.........   21%         3    ###....


Dungeon Overview and Level Annotations

Branches:
Dungeon (2/15)

Altars:

Annotations:
D:2 Natasha


Innate Abilities, Weirdness & Mutations

Your plain brown scales are hard (AC +5).
Your body does not fit into most forms of armour.
You are cold-blooded and may be slowed by cold attacks.


Message History

You are more confused.
The crimson imp blinks!
You bump into the rock wall.
Natasha stares at you and mumbles some strange words.
You feel yourself slow down.
You bump into the rock wall.
The white imp gestures at you. The puff of frost hits you!
Natasha stares at you and mumbles some strange words.
The magic dart hits you!
The white imp shouts, "Begone, thou hateful dismal-dreaming skainsmate!"
The white imp gestures at you. The puff of frost hits you!
* * * LOW HITPOINT WARNING * * *
Natasha claws you.
* * * LOW HITPOINT WARNING * * *
The crimson imp blinks!
The white imp gestures at you. The puff of frost hits you!
You die...

#.# #...# #.####.###
#.##....#########
#######.##............#
#.....................#
######.......###...........#
#.............#....>...#####
###........#........#
#...######@#..<###'##
#.#...# #.h....##.# ...#.#.#
##5..#....## ### #.##.#
#.#........# #.#
#.#.###ยง.<....# .##
...####......# .
.........5....####### ..
##...####............# ## #.
.# #............#


You could see Natasha, a crimson imp and a white imp.

Vanquished Creatures
  Natasha (D:2)
  3 adders
  A giant gecko (D:1)
  2 ball pythons
  6 bats (D:1)
  A giant cockroach (D:1)
  9 goblins
  6 hobgoblins (D:1)
  12 jackals
  4 giant newts
  4 kobolds (D:1)
  10 rats
59 creatures vanquished.

Notes
Turn   | Place    | Note
--------------------------------------------------------------
     0 | D:1      | Adventurer the Draconian Earth Elementalist began the quest for the Orb.
     0 | D:1      | Reached XP level 1. HP: 14/14 MP: 3/3
   216 | D:1      | Reached XP level 2. HP: 15/20 MP: 0/5
   796 | D:1      | Learned a level 2 spell: Stoneskin
  1263 | D:1      | Reached XP level 3. HP: 23/26 MP: 3/6
  2611 | D:1      | Learned a level 3 spell: Passwall
  2636 | D:2      | Noticed Natasha
  2704 | D:2      | Reached XP level 4. HP: 33/33 MP: 4/7
  2855 | D:2      | Killed Natasha
  3209 | D:2      | Noticed Natasha
  3226 | D:2      | Killed from afar by a white imp

Vault maps used:
D:1:      evilmike_arrival_crescent
D:2:      hex_intersection, uniq_natasha

Action                   |  1- 3 |  4- 6 || total
-------------------------+-------+-------++-------
Melee: Unarmed           |    21 |       ||    21
       Dagger            |    98 |       ||    98
       Falchion          |    54 |    34 ||    88
 Cast: Sandblast         |    26 |     4 ||    30
       Stoneskin         |    10 |     3 ||    13
  Use: Scroll            |     2 |     2 ||     4
       Potion            |     1 |       ||     1
 Stab: Sleeping          |     1 |     1 ||     2
  Eat: Chunk             |     7 |     2 ||     9
